Match 27719407
Unlisted

Match 27719407
End
Construct Section Command Post
Selects Australian Defense Battlegroup
Selects Australian Light Infantry Section
Australian Light Infantry Section
Royal Engineer Section
Dingo Light Scout Car
Construct Platoon Command Post
Selects 2-pounder Anti-tank Gun Team
Selects 2-pounder Anti-tank Gun Team
Humber Armored Car
2-pounder Anti-tank Gun Team
Australian Light Infantry Section
Construct Company Command Post
Devrye
my worst self
Friendly Mouse(Poxie)
小青青
note
Choke On
DDK
Giant Pikachu
0
0

Comments sign in to comment!

No comments posted yet!